[Event "Teplice Open 2022"]
[Site "Teplice"]
[Date "2022.06.22"]
[Round "5.1"]
[White "Pultinevicius, Paulius"]
[Black "Fridman, Daniel"]
[Result "1-0"]
[ECO "D63"]
[WhiteElo "2536"]
[BlackElo "2605"]
[Annotator "TA"]
[PlyCount "111"]
[EventDate "2022.06.18"]
[EventType "swiss"]
[EventCountry "CZE"]
[SourceTitle "playchess.com"]
[Source "ChessBase"]
[SourceQuality "1"]
[TimeControl "40/5400+30:1800+30"]

1. d4 d5 2. c4 e6 3. Nf3 Nf6 4. Nc3 Be7 5. Bg5 h6 6. Bh4 O-O 7. e3 Nbd7 8. Rc1 c5 {[%emt 0:00:22] D63: Queen's Gambit Declined: Classical: 7 Rc1.} 9. dxc5 dxc4 10. c6 $1 {[%emt 0:04:16] The main line 10.c6 scores better than 10.Bxc4.} bxc6 {[%emt 0:00:07] The position is equal.} 11. Bxc4 Nb6 12. Qxd8 Rxd8 13. Be2 Bb7 14. Ne5 c5 15. Bf3 Bxf3 {[%emt 0:17:57] [#]} 16. gxf3 $146 ({Predecessor:} 16. Nxf3 a5 17. Bxf6 Bxf6 18. Ke2 a4 19. Rc2 c4 20. Rb1 a3 21. bxa3 Rxa3 22. Rxb6 Rxc3 23. Rxc3 Bxc3 {½-½ (30) Xu,Y (2554)-Lu,S (2615) Xinghua 2021}) 16... Rdc8 {[%emt 0:01:20] Against Nc6} 17. f4 Rab8 18. Ke2 Nbd5 19. Na4 Nb6 20. Nc3 Nbd5 21. Rc2 Nxc3+ 22. bxc3 Nd5 23. Bxe7 Nxe7 24. Rd1 {[%emt 0:00:38] aiming for Rd7.} Rd8 25. Rxd8+ Rxd8 $14 {[%emt 0:00:06][%mdl 4096] Endgame KRN-KRN} 26. c4 Rd6 27. Rd2 {[%emt 0:05:14] White stays focused until the end.} Ra6 (27... Nc8 $16) 28. Rd8+ $18 Kh7 29. Nxf7 Rxa2+ 30. Kf3 Ng6 (30... Nf5 $142 31. Re8 Kg6) 31. Kg3 Ra1 (31... Ne7 $16 32. Re8 Nf5+ 33. Kf3 Kg6) 32. Re8 Rg1+ 33. Kh3 a5 34. Rxe6 a4 35. Ra6 Kg8 36. Nd6 Ra1 37. Ne4 Ne7 38. Nxc5 a3 39. Nd3 g5 40. fxg5 ({Don't do} 40. Rxh6 $6 Rd1 $16) (40. Kg4 a2 $14) 40... hxg5 41. Kg2 ({Weaker is} 41. Kg4 a2 $14) 41... Nf5 42. Kf3 a2 43. c5 Kf7 44. Ke4 Ne7 45. Ne5+ Kg7 46. h3 Nd5 $2 {[%emt 0:00:00] [#]} (46... Kf8 $18 47. c6 Kg7) 47. Kxd5 {[%emt 0:00:00] KRN-KR. White mates.} Rd1+ 48. Ke6 a1=Q 49. Rxa1 Rxa1 {[%emt 0:00:00] KR-KN} 50. c6 Rc1 51. f4 gxf4 52. exf4 Kf8 53. f5 Ke8 54. f6 Kd8 55. f7 Rf1 56. Ng6 {[%emt 0:00:00] Weighted Error Value: White=0.05 (flawless) /Black=0.33} 1-0

[Event "Teplice Open 2022"]
[Site "Teplice"]
[Date "2022.06.22"]
[Round "5.3"]
[White "Yankelevich, Lev"]
[Black "Demchenko, Anton"]
[Result "0-1"]
[ECO "E91"]
[WhiteElo "2473"]
[BlackElo "2654"]
[Annotator "TA"]
[PlyCount "140"]
[EventDate "2022.06.18"]
[EventType "swiss"]
[EventCountry "CZE"]
[SourceTitle "playchess.com"]
[Source "ChessBase"]
[SourceQuality "1"]
[TimeControl "40/5400+30:1800+30"]

1. d4 Nf6 2. c4 g6 3. Nc3 Bg7 4. e4 O-O 5. Be2 d6 6. Bg5 Na6 7. Nf3 h6 8. Be3 {[%emt 0:00:05] E91: King's Indian: Classical: 6 Be2, unusual replies including 6...c5 and 6...Bg4.} Ng4 9. Bc1 e5 10. O-O {[%emt 0:00:41] White has an edge.} c6 11. d5 f5 12. g3 f4 13. Nh4 g5 $1 14. Bxg4 gxh4 15. gxf4 exf4 16. Kh1 {[%emt 0:00:03] [#]} Qe7 $146 ({Predecessor:} 16... Be5 17. Rg1 Kh7 18. Bd2 Qf6 19. Bh5 Rg8 20. Rxg8 Kxg8 21. Qf3 {1-0 (21) Sandipan,C (2566)-Bogdanovich,S (2564) Sanya 2017}) 17. Rg1 Nc5 18. Qf3 Kh8 19. Bd2 Bxg4 20. Rxg4 Nd7 $1 21. Rxf4 (21. Bxf4 $2 Ne5 22. Bxe5 Rxf3 $19) ({Better is} 21. Qh3 $1 $14) 21... Ne5 $11 22. Qe2 Rxf4 23. Bxf4 {[%emt 0:00:05] Hoping for Bd2.} Rf8 24. Bxe5 Bxe5 25. Qe3 Qg5 {[%emt 0:04:35] Strongly threatening ...Qxe3.} 26. Ne2 Qxe3 27. fxe3 $15 {[%emt 0:00:37][%cal Oe2f4][%mdl 4096] Endgame KRB-KRN} Rf2 {[%emt 0:00:03] Prevents Nf4.} 28. Nf4 $1 Kg7 {[%emt 0:01:16][%mdl 1024] Black has compensation.} ({Don't do} 28... Bxb2 29. Rb1 Rd2 30. Ng6+ Kh7 31. Nxh4 $14) 29. Rg1+ Kf7 30. Rg2 Rf1+ 31. Rg1 Rf2 32. Rg2 Rf1+ 33. Rg1 Rf3 34. Nd3 Bf6 35. e5 (35. dxc6 $11 bxc6 36. b3) 35... dxe5 $17 36. Nc5 cxd5 $1 37. cxd5 Rxe3 38. Rf1 {[%emt 0:00:32] [#]} Ke7 {[%emt 0:03:35] Against Nd7} (38... Kg6 $1 $17 {Threatens to win with ...b6.} 39. d6 b6) 39. Rd1 ({White should play} 39. b4 $1 $15 Bg5 40. Nxb7) 39... b6 40. d6+ Kd8 ({Black should try} 40... Kf7 $19 41. Nd7 Bg5) 41. Ne6+ Kd7 42. Nf8+ Ke8 43. Ne6 {[%emt 0:00:00] [#] This move loses the game for White.} (43. Ng6 $17 {might work better.} Kf7 44. d7 Kxg6 45. Rd6) 43... Kf7 $1 $19 ({Don't go for} 43... Kd7 $2 44. Nf8+ Ke8 45. Ng6 $19) 44. Nc7 {[%emt 0:00:00] Nd5 is the strong threat.} e4 45. Kg1 Rd3 (45... Bxb2 $2 46. d7 Bf6 47. Nd5 $18) 46. Rxd3 (46. Re1) 46... exd3 {[%emt 0:00:00] KB-KN} 47. Kf2 Be5 48. h3 Bxd6 49. Nb5 Bc5+ 50. Kf3 a5 51. Nc3 Kf6 52. Ke4 d2 53. a3 (53. b3 {was worth a try.}) 53... Kg5 54. Kd3 $2 (54. a4) 54... Kf4 {[%emt 0:00:00] And now ...Kg3 would win.} 55. Kxd2 Kg3 56. Ke2 Bd4 {[%emt 0:00:00] aiming for ...Bxc3.} 57. Nd5 Bxb2 58. Nxb6 Bxa3 {[%emt 0:00:00] Black mates.} 59. Nc4 Bb4 60. Kf1 a4 61. Kg1 Bc5+ 62. Kh1 Kxh3 63. Nd2 Bb4 64. Nc4 Kg3 65. Kg1 Bc5+ 66. Kh1 Bd4 ({And not} 66... a3 67. Nxa3 Bxa3 68. Kg1 $11) 67. Na3 Kf3 68. Kh2 Ke4 69. Kh3 Kd3 70. Kxh4 Bc5 {[%emt 0:00:17] Weighted Error Value: White=0.59/Black=0.11 (very precise)} 0-1

[Event "Teplice Open 2022"]
[Site "Teplice"]
[Date "2022.06.22"]
[Round "5.4"]
[White "Azarov, Sergei"]
[Black "Kraus, Tomas"]
[Result "1/2-1/2"]
[ECO "B45"]
[WhiteElo "2588"]
[BlackElo "2472"]
[Annotator "TA"]
[PlyCount "77"]
[EventDate "2022.06.18"]
[EventType "swiss"]
[EventCountry "CZE"]
[SourceTitle "playchess.com"]
[Source "ChessBase"]
[SourceQuality "1"]
[TimeControl "40/5400+30:1800+30"]

1. e4 c5 2. Nf3 e6 3. d4 cxd4 4. Nxd4 Nf6 5. Nc3 Nc6 6. Nxc6 bxc6 7. e5 Nd5 8. Ne4 Bb7 9. Bd3 {[%emt 0:03:05] B45: Sicilian Four Knights.} Qc7 10. f4 c5 11. c4 {[%emt 0:03:30] White is slightly better.} Nb4 12. Bb1 Nc6 {[%emt 0:03:48] [#]} 13. Nd6+ $146 (13. O-O $14) ({Predecessor:} 13. O-O a5 14. Be3 Nd4 15. Nc3 Be7 16. Be4 Bxe4 17. Nxe4 Nf5 18. Bf2 Qc6 19. Qf3 {½-½ (37) Savitskiy,S (2431)-Petrov,N (2555) Cheliabinsk 2021}) 13... Bxd6 $11 14. Qxd6 Qxd6 15. exd6 Nd4 16. Kf2 f6 17. Be3 e5 (17... a5 $11 {remains equal.}) 18. Bxd4 $16 cxd4 {[%emt 0:01:08] [#]} 19. Re1 $1 O-O 20. Bf5 Rad8 21. b4 {[%emt 0:02:38] White is much more active.} g6 (21... exf4 $2 22. Re7 Bc8 23. c5 $18) 22. Be4 Bxe4 23. Rxe4 $11 {[%emt 0:00:06][%mdl 4096] Endgame next Ke2 is good for White. KRR-KRR} Rb8 24. a3 {[%emt 0:00:53] Ke2 is the strong threat.} a5 {[%emt 0:01:13] The position is equal.} 25. Rb1 (25. b5 $5 ) 25... axb4 26. axb4 {[%emt 0:00:05] [#] Strongly threatening Ke2.} Rfc8 27. c5 Rxc5 28. bxc5 Rxb1 29. fxe5 fxe5 30. Rxe5 {[%emt 0:00:27][%cal Oc5c6] Black must now prevent c6! KR-KR} Rc1 31. Ke2 {[%emt 0:04:08] Threatens to win with Kd3.} Rc3 32. g4 h6 33. h4 Kf7 34. g5 hxg5 35. hxg5 Kf8 36. Kd2 Kf7 37. Re7+ Kf8 38. Rxd7 {[%emt 0:02:55] Hoping for Rd8+.} Rxc5 39. Rh7 {[%emt 0:07:03] Weighted Error Value: White=0.05 (flawless) /Black=0.09 (flawless)} 1/2-1/2

[Event "Teplice Open 2022"]
[Site "Teplice"]
[Date "2022.06.22"]
[Round "5.5"]
[White "Karthik Venkataraman"]
[Black "Stocek, Jiri"]
[Result "1/2-1/2"]
[ECO "E11"]
[WhiteElo "2480"]
[BlackElo "2533"]
[Annotator "TA"]
[PlyCount "57"]
[EventDate "2022.06.18"]
[EventType "swiss"]
[EventCountry "CZE"]
[SourceTitle "playchess.com"]
[Source "ChessBase"]
[SourceQuality "1"]
[TimeControl "40/5400+30:1800+30"]

1. d4 Nf6 2. c4 e6 3. g3 Bb4+ 4. Bd2 a5 5. Bg2 d5 6. Qc2 O-O {[%emt 0:01:03] 6...0-0 is better than 6...Nc6.} 7. Nf3 h6 {[%emt 0:05:43] E11: Bogo-Indian.} 8. O-O Bd7 {[%emt 0:00:10] [#]} 9. Bf4 $146 ({Predecessor:} 9. Rc1 Nc6 10. a3 Bxd2 11. Nbxd2 a4 12. Rab1 Qe7 13. e4 dxe4 14. Nxe4 Nxe4 15. Qxe4 {½-½ (33) Ftacnik,L (2544)-Stocek,J (2557) Czech Republic 2012}) 9... dxc4 10. Ne5 Nd5 11. Qxc4 Bc6 12. Bc1 Nb6 13. Qd3 Bxg2 14. Kxg2 Bd6 15. Nf3 c5 16. Rd1 {[%emt 0:02:19] [#] aiming for dxc5.} Nc6 17. Nc3 {[%emt 0:00:11] And now dxc5 would win.} c4 18. Qe4 Qe7 19. a3 Rac8 20. Qc2 f5 21. e4 (21. Na4 $14 {was preferrable.} Nd5 22. Qxc4) 21... fxe4 22. Nxe4 Bb8 23. Qe2 Nd5 24. Nh4 (24. Bd2 $5 ) 24... Qf7 {[%emt 0:00:39] Against Ng6} 25. f4 {[%emt 0:02:18] Prevents e5.} (25. Qg4 $5 ) 25... b6 26. Nf3 {[%emt 0:02:19] The position is equal.} ({Much weaker is} 26. Qxc4 e5 27. Qd3 exf4 $17) 26... Qg6 {[%emt 0:06:13][%cal Rf8f4] [#] ...Rxf4 is the strong threat.} 27. Nh4 Qf7 28. Nf3 ({Of course not} 28. Qxc4 e5 29. Qd3 exf4 $17) 28... Qg6 {[%emt 0:01:50][%cal Rf8f4] White must now prevent ...Rxf4.} 29. Nh4 {[%emt 0:02:42] Weighted Error Value: White=0.08 (flawless) /Black=0.08 (flawless)} 1/2-1/2

[Event "Teplice Open 2022"]
[Site "Teplice"]
[Date "2022.06.22"]
[Round "5.6"]
[White "Ali Marandi, Cemil Can"]
[Black "Raja Harshit"]
[Result "1-0"]
[ECO "B52"]
[WhiteElo "2532"]
[BlackElo "2479"]
[Annotator "TA"]
[PlyCount "59"]
[EventDate "2022.06.18"]
[EventType "swiss"]
[EventCountry "CZE"]
[SourceTitle "playchess.com"]
[Source "ChessBase"]
[SourceQuality "1"]
[TimeControl "40/5400+30:1800+30"]

1. e4 c5 2. Nf3 d6 3. Bb5+ Bd7 4. Bxd7+ Qxd7 5. O-O Nc6 6. c3 Nf6 7. Re1 e6 8. d4 cxd4 9. cxd4 d5 10. e5 Ne4 11. Nbd2 Nxd2 12. Bxd2 Be7 13. Rc1 O-O 14. Rc3 Rfc8 {[%emt 0:04:58] B52: Sicilian: Moscow Variation with 3...Bd7.} 15. a3 b5 16. Rd3 Qd8 {[%emt 0:08:14] Black is slightly better.} 17. h4 b4 (17... Bxh4 {looks sharper.} 18. Nxh4 Qxh4 19. Ree3 Ne7) 18. Nh2 bxa3 ({Don't do} 18... Bxh4 19. Qh5 h6 20. Ng4 $16) 19. bxa3 Rab8 ({But not} 19... Bxh4 20. Qh5 $16) 20. Qg4 {[%emt 0:02:16] [#]} Bf8 $146 ({Much less strong is} 20... Bxh4 21. Bh6 g6 22. Qf4 $16) (20... Kh8 $15 {should be considered.}) ({Predecessor:} 20... Na5 21. Bh6 g6 22. h5 Rb3 23. hxg6 hxg6 24. Rh3 Rxh3 25. Qxh3 Qc7 26. Nf3 Nb3 {½-½ (51) Krak,T (2268)-Pacher,M (2467) Pardubice 2018}) 21. Qf4 Qb6 $2 (21... Ne7 $15 {stays ahead.}) 22. h5 Rb7 {[%emt 0:04:49] [#]} (22... Qb5 $16 {was worth a try.} 23. Rf3 Rc7) 23. Ng4 $1 $18 Kh8 24. h6 {[%emt 0:03:35] Hoping for hxg7+.} g6 25. Rc1 a5 {[%emt 0:01:13] [#] Prevents Bb4. This move loses the game for Black.} (25... Rbc7 $16 26. Kh2 Kg8) 26. Rdc3 $1 Kg8 $2 (26... Ra7 27. Kh1 Rac7) 27. Nf6+ Kh8 {[%emt 0:00:07] [#]} 28. Nxd5 {[%emt 0:00:18][%mdl 512] White is clearly winning.} Qa6 (28... exd5 29. Qf6+) 29. Ne3 Rbc7 30. d5 {[%emt 0:00:52] Weighted Error Value: White=0.10 (very precise) /Black=0.71} 1-0

[Event "Teplice Open 2022"]
[Site "Teplice"]
[Date "2022.06.22"]
[Round "5.7"]
[White "Sokolovsky, Yahli"]
[Black "Santiago, Yago De Moura"]
[Result "1/2-1/2"]
[ECO "B11"]
[WhiteElo "2369"]
[BlackElo "2498"]
[Annotator "TA"]
[PlyCount "84"]
[EventDate "2022.06.18"]
[EventType "swiss"]
[EventCountry "CZE"]
[SourceTitle "playchess.com"]
[Source "ChessBase"]
[SourceQuality "1"]
[TimeControl "40/5400+30:1800+30"]

1. e4 c6 2. Nc3 d5 3. Nf3 Bg4 4. d4 Nf6 5. e5 Nfd7 $1 6. Be2 {[%emt 0:00:37] B11: Caro-Kann: Two Knights Variation.} e6 7. O-O c5 8. Bg5 Qc8 9. Nb5 {[%emt 0:01:15] [#]} Bxf3 $146 ({Predecessor:} 9... Nc6 10. c3 a6 11. Nd6+ Bxd6 12. exd6 O-O 13. Ne5 Bxe2 14. Qxe2 cxd4 15. Nxc6 Qxc6 {½-½ (60) Munoz Pantoja,M (2473)-Agrest,E (2593) Tallinn 2016}) 10. Bxf3 cxd4 11. Nxd4 ({Of course not} 11. Qxd4 Nc6 12. Qf4 Ndxe5 $15) 11... Nc6 12. c4 Nxd4 13. Qxd4 Bc5 14. Qc3 dxc4 15. Rac1 h6 16. Bh4 {[%emt 0:05:53] A strong pair of Bishops.} Nb6 17. Rfd1 Qc7 {[%emt 0:02:46] Prevents Rd8+.} 18. b3 O-O 19. bxc4 Rfc8 20. Be4 $1 Be7 21. Bg3 Na4 22. Qe3 Nc5 23. Bc2 Bg5 24. f4 Be7 25. Bf2 Rd8 26. h4 Nd7 27. Qe4 {[%emt 0:04:25] [#] White threatens Qh7+ and mate.} Nf8 {[%emt 0:00:29] Against Qh7+} 28. Kh2 b6 29. h5 Rac8 30. Rxd8 Rxd8 31. Rd1 Rxd1 32. Bxd1 Bc5 33. Be1 Qd7 34. Bc2 b5 35. cxb5 Qxb5 36. Qd3 Qb6 37. Qb3 Qc6 38. Qd3 Bb6 39. Bb4 Bc5 40. Qc3 Nd7 41. Bxc5 Qxc5 42. Qd3 Nf8 {[%emt 0:00:08] Weighted Error Value: White=0.04 (flawless) /Black=0.04 (flawless)} 1/2-1/2

[Event "Teplice Open 2022"]
[Site "Teplice"]
[Date "2022.06.22"]
[Round "5.8"]
[White "Sankalp Gupta"]
[Black "Wagh Suyog"]
[Result "1-0"]
[ECO "B30"]
[WhiteElo "2505"]
[BlackElo "2352"]
[Annotator "TA"]
[PlyCount "149"]
[EventDate "2022.06.18"]
[EventType "swiss"]
[EventCountry "CZE"]
[SourceTitle "playchess.com"]
[Source "ChessBase"]
[SourceQuality "1"]
[TimeControl "40/5400+30:1800+30"]

1. e4 c5 2. Nc3 Nc6 3. Nf3 e5 4. Bc4 Be7 5. d3 d6 6. Nd2 Nf6 7. Nf1 O-O 8. Ne3 Be6 9. a3 {[%emt 0:03:21][%cal Ba2a3,Ba3a4][%mdl 32] B30: Sicilian: 2...Nc6 3 Bb5, lines without ...g6.} Rb8 10. O-O Nd4 {[%emt 0:04:20] [#]} 11. a4 $146 {[%emt 0:14:27] White is slightly better.} ({Predecessor:} 11. Ncd5 b5 12. Ba2 Qd7 13. g3 Bxd5 14. Nxd5 Nxd5 15. Bxd5 Kh8 16. f4 exf4 17. gxf4 {1-0 (45) Li,R (2318)-Ning,C (2287) Suzhou 2001}) 11... Kh8 12. Bd2 b6 13. Kh1 Kg8 14. g4 Bxc4 15. dxc4 Nd7 16. Ncd5 (16. Nf5 {looks sharper.} Bg5 17. Bxg5 Qxg5 18. Nd5) 16... Re8 17. c3 Ne6 18. Nxe7+ Qxe7 19. Nf5 Qf6 20. g5 $36 {[%emt 0:03:13][%mdl 2048] Keeping Black busy.} Qd8 (20... Nxg5 $2 21. Bxg5 Qe6 22. Rg1 $18) 21. Nxd6 Rf8 22. Rg1 g6 23. Be3 $1 {[%emt 0:00:25] 0x0.00166d677debdp-1022s more active pieces.} Qe7 24. Nb5 $1 Rb7 25. Qd6 Re8 (25... Nb8 $16) 26. Rad1 $18 a6 27. Qxe7 Rxe7 28. Na3 (28. Nd6 $142 Rb8 29. Rd5) 28... f5 $16 29. gxf6 Nxf6 30. f3 Red7 31. Nc2 Kf7 32. Bc1 Nf4 $1 33. Be3 (33. Ne3 $14) 33... N6h5 {[%emt 0:00:32] Pair of Knights!} ({Black should try} 33... Ne6 $1 $11) 34. Rgf1 $14 Nd3 35. Rb1 Rbc7 (35... Ke6 $14) 36. Rfd1 (36. Bg1 $142) 36... Ke6 37. Kg1 Nhf4 38. Rd2 Rd6 39. Ne1 (39. b4 $16) 39... Rcd7 40. Nxd3 Rxd3 41. Rbd1 Ne2+ (41... Rxd2 $14 42. Rxd2 Rxd2 43. Bxd2 Kf6) 42. Kf1 (42. Kg2 $1 $16 Rxd2 43. Rxd2 Rxd2 44. Bxd2) 42... Nc1 43. Rxd3 $1 Rxd3 44. Rxd3 Nxd3 $16 {[%emt 0:00:01][%mdl 4096] Endgame KB-KN} 45. b3 Kf6 46. Bd2 Nf4 47. Kf2 Ne6 48. h4 Kf7 49. Ke3 (49. Bh6 $16) 49... Ke7 50. Be1 Nf8 51. Bg3 Ke6 52. f4 Nd7 53. fxe5 Nxe5 54. Bf4 Ng4+ 55. Kf3 Ne5+ 56. Ke2 Kd6 57. Bg3 Ke6 58. Ke3 Ng4+ (58... h6 $14) 59. Kf4 Ne5 60. Kg5 $1 Nf7+ 61. Kg4 $1 {[%emt 0:00:05] Black must now prevent Bc7.} Ne5+ $2 (61... Kd7 $16) 62. Kf4 $2 ({White must play} 62. Bxe5 $18 Kxe5 63. Kg5) 62... Nf7 (62... Kf6 $11) 63. Bf2 (63. Kf3 $5 ) 63... Ne5 64. Kg5 ({White should play} 64. Be3 $1 $14) 64... Nf7+ 65. Kf4 (65. Kg4 $11) 65... Ne5 $14 66. Be3 $1 Kf6 67. Kg3 $1 Ke6 68. Bg5 (68. a5 $14 bxa5 69. Bxc5) 68... Nf7 (68... Nc6 $1 $11) 69. Kf4 (69. Kf2 $14) 69... h6 $11 70. Bxh6 $1 Nxh6 71. Kg5 Ng8 {[%emt 0:00:52] aiming for ...a5.} 72. Kxg6 Nf6 {[%emt 0:00:26] Threatens to win with ...a5.} 73. e5 $2 (73. h5 Nxh5 74. Kg5 (74. Kxh5 $2 Ke5 $19) 74... Ke5 $1 75. Kxh5 Kxe4 $19) (73. b4 $11) 73... Kxe5 $19 74. Kf7 {[%emt 0:00:01] [#]} Ng4 $2 (74... a5 $1 $19 75. Kg6 Ke6) 75. Ke7 {[%emt 0:00:17][%mdl 32768] What a fight!  Weighted Error Value: White=0.12 (very precise) /Black=0.15 (very precise) . Sensor Board Error (Ke4/e5)?} 1-0

[Event "Teplice Open 2022"]
[Site "Teplice"]
[Date "2022.06.22"]
[Round "5.9"]
[White "Hollan, Martin"]
[Black "Narayanan.S.L"]
[Result "0-1"]
[ECO "B30"]
[WhiteElo "2391"]
[BlackElo "2662"]
[Annotator "TA"]
[PlyCount "124"]
[EventDate "2022.06.18"]
[EventType "swiss"]
[EventCountry "CZE"]
[SourceTitle "playchess.com"]
[Source "ChessBase"]
[SourceQuality "1"]
[TimeControl "40/5400+30:1800+30"]

1. e4 c5 2. Nf3 Nc6 3. Bb5 e6 4. Bxc6 bxc6 5. O-O Ne7 6. b3 {[%emt 0:00:00] B30: Sicilian: 2...Nc6 3 Bb5, lines without ...g6.} f6 7. Ba3 Ng6 $5 {[%emt 0:03:38][%mdl 4] Exploring less charted territory.} 8. d4 {[%emt 0:00:00] The position is equal.} cxd4 {[%emt 0:01:46] ...Bxa3 is the strong threat.} 9. Bxf8 {[%emt 0:00:00] [#]} Rxf8 $146 ({Predecessor:} 9... Kxf8 10. Nxd4 Qc7 11. c4 Kf7 12. Nc3 Rd8 13. Rc1 d6 14. Qd2 e5 15. Nde2 Be6 {½-½ (50) Peptan,C (2415)-Cmilyte,V (2467) Plovdiv 2008}) 10. Qxd4 e5 11. Qd2 d5 12. Nc3 Bg4 13. exd5 Bxf3 14. gxf3 Qd7 15. Qd3 (15. Kh1 $1 $11) 15... Nf4 ({Black should try} 15... Qh3 $1 $17 {( -> ...Nh4)} 16. f4 (16. dxc6 $2 Rd8 $19) 16... Qxd3 17. cxd3 Nxf4 18. dxc6 O-O-O) 16. dxc6 $11 Qxc6 17. Qb5 Rc8 $40 {[%emt 0:01:29][%cal Ba8c8,Bc8c7,Bc7b7][%mdl 1184] Black has compensation. Black attacks.} 18. Kh1 (18. Qxc6+ $15 Rxc6 19. Nb5) 18... Ke7 $1 $17 {[%emt 0:05:10][%csl LRc3,LRf3] Really sharp! Black is more active.} 19. Qb4+ Qc5 (19... Kf7 $19 20. Ne4 Kg8) 20. Qb7+ (20. Qxc5+ $17 Rxc5 21. Nd1) 20... Rc7 $19 21. Ne4 Qa5 ({Inferior is} 21... Rxb7 22. Nxc5 Rc7 23. Nd3 $15 (23. b4 Ne6 $15)) 22. b4 Rxb7 23. bxa5 Rc8 24. Rab1 {[%emt 0:01:57] [#]} Rd7 (24... Rxb1 25. Rxb1 Ke6 26. Rb7 $17) 25. Rb2 (25. Rfc1 $142) 25... f5 26. Ng3 Kf6 27. h4 g6 28. a6 Rc6 29. Rb7 Rxb7 {[%emt 0:00:11][%mdl 64] Remove Defender} 30. axb7 {[%emt 0:00:05][%mdl 4096] Endgame KRN-KRN} Rb6 31. Rd1 {[%emt 0:00:56][%cal Od1d6] [#] Hoping for Rd6+!} Ke6 {[%emt 0:02:14] Against Rd6+} 32. h5 (32. Rd8 $17 {was necessary.} Rxb7 33. Re8+ Kd5 34. Rd8+ Kc6 35. Rc8+ Kd6 36. Rd8+ Kc7 37. Ra8) 32... Rxb7 ({Not} 32... gxh5 33. Rd8 Rxb7 34. Re8+ Kf6 35. Rf8+ Kg6 36. Rg8+ Kf7 37. Ra8 $17) 33. h6 (33. hxg6 $142 hxg6 34. Nf1) 33... Kf6 34. c4 Rc7 35. Rc1 Kg5 36. Nf1 Kxh6 37. Ne3 Kg5 38. Rd1 h5 39. Rd6 h4 40. Ra6 (40. Kh2 $142) 40... Rb7 {[%emt 0:05:56] White must now prevent ...Rb1+.} 41. c5 Rc7 (41... Rb1+ $142 42. Kh2 Rb5 43. Rxa7 Rxc5) 42. c6 Kf6 43. Nc4 Ke6 {[%emt 0:02:53] Inhibits Nd6.} 44. Na3 Kd5 45. Nb5 $2 (45. Nc2) 45... Rxc6 46. Rxc6 Kxc6 47. Nxa7+ {[%emt 0:00:05] KN-KN} Kb6 48. Nc8+ Kc7 49. Na7 Nd3 50. Kg1 Ne1 51. f4 exf4 {[%emt 0:00:59] Strongly threatening ...Nf3+.} 52. Nb5+ Kc6 53. Nd4+ Kd5 54. Ne2 g5 55. a4 Nf3+ {[%emt 0:00:14] Black mates.} 56. Kg2 Nd4 57. Nc3+ Kc4 58. Nd1 g4 59. a5 h3+ 60. Kh2 Kb3 61. a6 Nc6 62. f3 g3+ {[%emt 0:00:08] Weighted Error Value: White=0.79/Black=0.10 (very precise)} 0-1

[Event "Teplice Open 2022"]
[Site "Teplice"]
[Date "2022.06.22"]
[Round "5.10"]
[White "Berkes, Ferenc"]
[Black "Rubes, Jan"]
[Result "1-0"]
[ECO "D37"]
[WhiteElo "2654"]
[BlackElo "2386"]
[Annotator "TA"]
[PlyCount "89"]
[EventDate "2022.06.18"]
[EventType "swiss"]
[EventCountry "CZE"]
[SourceTitle "playchess.com"]
[Source "ChessBase"]
[SourceQuality "1"]
[TimeControl "40/5400+30:1800+30"]

1. d4 d5 2. c4 e6 3. Nf3 Nf6 4. Nc3 Be7 5. Bf4 O-O 6. e3 c5 7. dxc5 Bxc5 8. a3 Nc6 9. Qc2 Qa5 10. Nd2 Be7 11. Bg3 a6 {[%emt 0:10:13] D37: Queen's Gambit Declined: 5 Bf4.} 12. Rd1 h6 (12... b5 $11) 13. Be2 $16 {[%emt 0:01:37] [#]} Qb6 $146 {[%emt 0:10:37] White is slightly better.} ({Predecessor:} 13... Bd7 14. O-O Rac8 15. Bf3 Na7 16. Qb3 Bc6 17. Qa2 Qb6 18. b4 a5 19. b5 Be8 {1-0 (43) Bwalya,G (2305)-Klaasen,C (2186) Cape Town 2015}) 14. Na4 Qa7 15. c5 e5 ({Black should try} 15... Bd8 $14) 16. Nb6 Rb8 17. b4 Bd8 18. Nf3 {[%emt 0:01:07][%csl LRd5,LRe5] 0x0.00207a317ff4dp-1022s more active pieces. The black rooks are badly placed.} Bxb6 19. cxb6 Qxb6 20. Nxe5 Ra8 21. O-O Ne4 (21... Be6 $14) 22. Rxd5 (22. Nc4 {looks sharper.} Qd8 23. Bd6 Nxd6 24. Rxd5 Bf5 25. Qc1) 22... Nxg3 23. hxg3 {[%emt 0:00:08] aiming for Rd6.} Nxe5 24. Rxe5 Be6 25. Rc1 Rac8 26. Rc5 Rxc5 27. bxc5 Qa5 (27... Qc6 $16 {keeps fighting.} 28. Bf3 Bd5) 28. Qb2 (28. Bf3 $18) 28... Rc8 29. Qb4 ({Don't go for} 29. Qxb7 $2 Qd2 30. Qb1 Qxe2 $19) 29... Qxb4 30. axb4 {[%emt 0:00:05][%cal Ba3b4,Bb4a5,Ba5a6][%mdl 4128] Endgame KRB-KRB} Bd5 31. f3 Kf8 32. Kf2 a5 $2 {[%emt 0:03:09] This costs Black the game.} (32... Be6 $16 {is a better defense.} 33. e4 Ke7) 33. e4 $18 ({Don't play} 33. bxa5 Ke7 34. e4 Be6 $18) 33... Be6 34. bxa5 Ra8 {[%emt 0:00:03] [#]} 35. c6 $1 ({Not} 35. a6 bxa6 36. Ra1 Rc8 $16) 35... bxc6 36. a6 {[%emt 0:00:09] White is clearly winning.} Bd7 37. Ke3 Ke7 38. Kd4 Kd6 39. e5+ Kc7 40. Kc5 Re8 {[%emt 0:00:19] [#]} 41. f4 f6 42. Rb1 {[%emt 0:02:12] White threatens Rb7+ and mate.} Bc8 {[%emt 0:02:53] Inhibits Rb7+.} 43. a7 Bb7 44. Bf3 (44. e6 $142 h5 45. f5) 44... Re7 {[%emt 0:00:47] [#]} 45. Rxb7+ $1 {[%emt 0:02:09][%mdl 512] Weighted Error Value: White=0.09 (flawless) /Black=0.33} 1-0